 Dungeon Crawl Stone Soup version 0.24-a0-521-g122614bf49 (webtiles) character file.

Game seed: 761876974244925409

62 Mithandil the Conjurer (level 3, -2/19 HPs)
             Began as a Deep Elf Conjurer on July 30, 2019.
             Slain by a goblin
             ... wielding a +0 dagger
              (3 damage)
             ... on level 2 of the Dungeon.
             The game lasted 00:10:19 (1670 turns).

Mithandil the Conjurer (Deep Elf Conjurer)          Turns: 1670, Time: 00:10:19

Health: -2/19      AC:  4    Str:  6    XL:     3   Next: 85%
Magic:  7/10       EV: 12    Int: 19    God:
Gold:   60         SH:  0    Dex: 15    Spells: 7/10 levels left

rFire    . . .     SeeInvis .   m - +0 whip (curse)
rCold    . . .     Gourm    .   (no shield)
rNeg     . . .     Faith    .   l - +1 leather armour
rPois    .         Spirit   .   (no helmet)
rElec    .         Reflect  .   (no cloak)
rCorr    +         Harm     .   (no gloves)
MR       .....                  (no boots)
Stlth    ++........             (no amulet)
HPRegen  0.06/turn              k - ring of resist corrosion
MPRegen  0.12/turn              (no ring)

@: lethally poisoned (-2 -> -7)
A: no striking features
a: no special abilities


You were on level 2 of the Dungeon.
You were not hungry.

You visited 1 branch of the dungeon, and saw 2 of its levels.

You collected 60 gold pieces.

Inventory:

Hand Weapons
 a - a +0 dagger
 b - a +0 quarterstaff
 m - a cursed +0 whip (weapon)
Missiles
 e - 3 datura-tipped darts (quivered)
Armour
 l - a +1 leather armour (worn)
Jewellery
 h - an uncursed ring of positive energy {unknown}
 k - a ring of resist corrosion (left hand)
Scrolls
 g - a scroll of immolation {unknown}
Potions
 d - 3 potions of heal wounds {unknown}
 j - 2 potions of resistance {unknown}
Comestibles
 c - 5 rations
 f - 3 chunks of flesh


   Skills:
 + Level 0.4 Staves
 + Level 3.0 Dodging
 + Level 3.0 Stealth
 * Level 4.1 Spellcasting
 * Level 5.0 Conjurations


You had 7 spell levels left.
You knew the following spells:

 Your Spells              Type           Power        Failure   Level  Hunger
a - Magic Dart            Conj           ###.         2%          1    None
b - Searing Ray           Conj           ###...       4%          2    ##.....

Your spell library contained the following spells:

 Spells                   Type           Power        Failure   Level  Hunger
 Dazzling Spray           Conj/Hex       ##....       22%         3    ###....
 Iskenderun's Mystic Bla  Conj           ###.....     26%         4    ####...
 Force Lance              Conj/Tloc      ##......     58%         4    ####...
 Fulminant Prism          Conj/Hex       ##........   58%         4    ####...


Dungeon Overview and Level Annotations

Branches:
Dungeon (2/15)

Altars:


Message History

The goblin hits you with a +0 dagger. The adder barely misses you.
The goblin barely misses you.
You closely miss the adder.
You feel sick. The kobold hits you.
The hobgoblin hits you but does no damage.
The adder closely misses you. The goblin closely misses you.
The goblin misses you. The kobold hits you.
You hit the adder but do no damage. The adder bites you but does no damage.
The goblin hits you with a +0 dagger. The hobgoblin hits you with a +0 club.
The goblin barely misses you. The kobold closely misses you.
The adder barely misses you.
You barely miss the adder.
You feel sick. The goblin hits you but does no damage.
The hobgoblin hits you with a +0 club.
* * * LOW HITPOINT WARNING * * *
The adder barely misses you. The goblin hits you but does no damage.
The kobold misses you.
You miss the adder. The adder barely misses you.
The goblin hits you with a +0 dagger.
* * * LOW HITPOINT WARNING * * *
The hobgoblin closely misses you. The goblin hits you with a +0 dagger.
You die...

...#..##.#### #.
#.#.#... #.####
##......... .##..... #
#......#.# .#####. #.#
..#.#.#.# .####. ....
#.......### ..##.
..)..#........(# #.##.
......KgS......# #.###
#.....g@.##....#####....
......g#(##.............
#......#..#....#####..#<
.......##.#<...####..##.
....... #.........#.###.
....... #########...# ##
....... ##### # .......
# #


You could see an adder, a hobgoblin, 2 goblins and a kobold.

Vanquished Creatures
  2 adders (D:2)
  2 worms (D:2)
  2 dart slugs
  A leopard gecko (D:1)
  A ball python (D:2)
  4 bats
  3 goblins
  6 hobgoblins (D:1)
  2 quokkas (D:2)
  4 frilled lizards
  A kobold (D:1)
  6 rats
34 creatures vanquished.

Notes
Turn   | Place    | Note
-------+----------+-------------------------------------------
     0 | D:1      | Mithandil the Deep Elf Conjurer began the quest for the
                  | Orb.
     0 | D:1      | Reached XP level 1. HP: 10/10 MP: 6/6
   253 | D:1      | Reached XP level 2. HP: 14/15 MP: 0/8
  1238 | D:2      | Reached XP level 3. HP: 19/19 MP: 5/10
  1242 | D:2      | Learned a level 2 spell: Searing Ray
  1617 | D:2      | Reached skill level 5 in Conjurations
  1670 | D:2      | Slain by a goblin

Levels and vault maps discovered:
D:1:      onia_arrival_mini_spirals, layout_basic
D:2:      layout_rooms, uniq_crazy_yiuf_cottage

Skill      XL: |  1  2  3 |
---------------+----------+-----
Spellcasting   | 4 |  4.1
Dodging        | 3 |  3.0
Stealth        | 3 |  3.0
Conjurations   | 5 |  5.0
Staves         | |  0.4

Action                   || total
-------------------------++-------
Melee: Quarterstaff      ||    17
       Whip              ||    20
 Cast: Magic Dart        ||    56
  Use: Scroll            ||     3
 Stab: Sleeping          ||     2
  Eat: Chunk             ||     2
Armor: Leather armour    ||    16
       Robe              ||     1
Dodge: Dodged            ||    42

Table legend:
 A = Non-vault XP
 B = Vault XP
 C = Vault XP percentage of total XP
 D = Non-vault monster count
 E = Vault monster count
 F = Vault count percentage of total count
                 A         B        C        D         E       F
            +---------+---------+-------+---------+---------+-------
      Total |      89 |       0 |   0.0 |      34 |       0 |   0.0
            +---------+---------+-------+---------+---------+-------
        D:1 |      33 |       0 |   0.0 |      17 |       0 |   0.0
        D:2 |      56 |       0 |   0.0 |      17 |       0 |   0.0
            +---------+---------+-------+---------+---------+-------
